 Dungeon Crawl Stone Soup version 0.29.1-15-g9cfb28693d (webtiles) character file.

Game seed: 264865808148407913

487 promet the Covered (level 6, 0/56 HPs)
             Began as a Minotaur Fighter on Apr 5, 2023.
             Was an Initiate of Trog.
             Slain by a gnoll
             ... wielding a +0 halberd
             ... led by a gnoll bouda
              (8 damage)
             ... on level 7 of the Dungeon.
             The game lasted 00:11:25 (4056 turns).

promet the Covered (Minotaur Fighter)               Turns: 4056, Time: 00:11:25

Health: 0/56       AC:  9    Str: 21    XL:     6   Next: 89%
Magic:  5/5        EV:  8    Int:  8    God:    Trog [......]
Gold:   91         SH:  9    Dex: 11    Spells: 5/5 levels left

rFire   . . .      SeeInvis .   a - +1 war axe
rCold   . . .      Faith    .   c - +0 kite shield
rNeg    . . .      Spirit   .   b - +0 scale mail
rPois   .          Reflect  .   e - +1 hat {Int+3}
rElec   .          Harm     .   (no cloak)
rCorr   .          Rampage  .   g - +0 pair of gloves
Will    .....                   (no boots)
Stlth   ..........              (no amulet)
HPRegen 0.18/turn               (no ring)
MPRegen 0.09/turn               (no ring)

@: no status effects
A: horns 2, retaliatory headbutt
a: Renounce Religion


You were on level 7 of the Dungeon.
You worshipped Trog.
Trog was noncommittal.
You visited 1 branch of the dungeon, and saw 5 of its levels.

You collected 91 gold pieces.

Inventory:

Hand Weapons
 a - a +1 war axe (weapon)
 p - a +1 dagger of venom
Missiles
 h - a throwing net
 k - 23 stones (quivered)
 q - 3 poisoned darts
Armour
 b - a +0 scale mail (worn)
 c - a +0 kite shield (worn)
 e - a +1 hat of intelligence (worn)
 g - a +0 pair of gloves (worn)
Scrolls
 j - 4 scrolls of identify
 m - a scroll of amnesia
Potions
 d - 2 potions of might
 f - 2 potions of magic {unknown}
 i - a potion of lignification {unknown}
 n - 2 potions of heal wounds {unknown}
 r - a potion of curing {unknown}


   Skills:
 + Level 5.1 Fighting
 + Level 5.5 Axes
 + Level 5.8 Armour
 + Level 1.7 Dodging
 + Level 4.9 Shields


You had 5 spell levels left.
You didn't know any spells.
Your spell library contained the following spells:

 Spells                   Type           Power      Damage    Failure   Level
 Shock                    Conj/Air       0%         1d3       97%         1
 Blink                    Tloc           0%         N/A       99%         2
 Sublimation of Blood     Necr           0%         N/A       99%         2
 Wereblood                Tmut           0%         N/A       99%         2
 Confusing Touch          Hex            0%         N/A       100%        3
 Lesser Beckoning         Tloc           0%         N/A       100%        3
 Swiftness                Air            0%         N/A       100%        3
 Airstrike                Air            0%         2d(0-16)  100%        4
 Manifold Assault         Tloc           0%         N/A       100%        5
 Yara's Violent Unravell  Hex/Tmut       0%         3d3       100%        5
 Enfeeble                 Hex            0%         N/A       100%        7
 Summon Hydra             Summ           0%         N/A       100%        7


Dungeon Overview and Level Annotations

Branches:
Dungeon (4/15)
 Temple: D:4-7

Altars:
Dithmenos
Trog
Vehumet

Annotations:
D:3 3 runed translucent doors, emlymom's ghost, amateur MiBe


Innate Abilities, Weirdness & Mutations

You have a pair of horns on your head.
You reflexively headbutt those who attack you in melee.


Message History

* * * LOW HITPOINT WARNING * * *
The gnoll bouda barks out a call to the hunt!
The gnoll picks up the pace!
Your attacks no longer feel as feeble.
The gnoll bouda prays to its god.
The gnoll bouda is healed somewhat.
You open the door.
There is an open door here.
The gnoll is no longer moving quickly.
You open the door.
The gnoll bouda barks out a call to the hunt!
The gnoll picks up the pace!
There is an open door here.
You block the gnoll's attack.
The gnoll bouda attacks as you move away!
The gnoll bouda hits you but does no damage.
Found 10 gold pieces.
The gnoll hits you but does no damage.
The gnoll is no longer moving quickly.
The gnoll bouda barks out a call to the hunt!
The gnoll picks up the pace!
You block the gnoll's attack.
The gnoll bouda attacks as you move away!
The gnoll bouda barely misses you.
The gnoll bouda attacks as you move away!
The gnoll bouda hits you with a +0 whip.
* * * LOW HITPOINT WARNING * * *
The gnoll closely misses you.
You hit the gnoll bouda.
You headbutt the gnoll bouda, but do no damage.
The gnoll bouda is heavily wounded.
The gnoll is no longer moving quickly.
The gnoll bouda barks out a call to the hunt!
The gnoll picks up the pace!
The gnoll completely misses you.
Okay, then.
The gnoll bouda attacks as you move away!
The gnoll bouda hits you with a +0 whip!
* * * LOW HITPOINT WARNING * * *
The gnoll hits you from afar with a +0 halberd!
You die...

..# ... #.#
#.#####.
###...$... #####
###g.......# ##
#...# #...g.# .#
#...# #.#.#g# .#
#...# #.#.#@#
#####...####g#.#.#
....'...g....#.#.#
#####...######.#.#
#...# #.#.. #...#
#.### #...# #...#
#...#


You could see a gnoll bouda and 2 gnolls.

Vanquished Creatures
  A black bear (D:7)
  An ogre (D:7)
  A kobold brigand (D:7)
  A killer bee (D:7)
  An orc priest (D:3)
  Robin (D:3)
  5 gnolls
  3 adders
  A dart slug (D:3)
  9 orcs
  2 bats
  5 endoplasms
  3 giant cockroaches
  10 goblins
  7 hobgoblins
  4 quokkas
  14 ball pythons
  4 frilled lizards
  9 kobolds
  4 rats
86 creatures vanquished.

Notes
Turn   | Place    | Note
-------+----------+-------------------------------------------
     0 | D:1      | promet the Minotaur Fighter began the quest for the Orb.
     0 | D:1      | Reached XP level 1. HP: 19/19 MP: 0/0
   216 | D:1      | Reached XP level 2. HP: 21/27 MP: 1/1
   893 | D:2      | Reached XP level 3. HP: 33/33 MP: 2/2
  1377 | D:3      | Found a runed translucent gate.
  1377 | D:3      | Found a runed translucent gate.
  1377 | D:3      | Found a runed translucent gate.
  1461 | D:3      | Noticed Robin
  1502 | D:3      | Reached XP level 4. HP: 36/40 MP: 3/3
  2413 | D:3      | Found a shadowy altar of Dithmenos.
  2558 | D:3      | Found a radiant altar of Vehumet.
  2563 | D:3      | Reached XP level 5. HP: 47/47 MP: 4/4
  2571 | D:3      | Killed Robin
  3048 | D:3      | Found a faded altar of an unknown god.
  3053 | D:3      | Reached skill level 5 in Armour
  3203 | D:3      | Noticed emlymom's ghost (amateur MiBe)
  3296 | D:4      | You fall into a shaft and drop 3 floors!
  3354 | D:7      | Noticed an ogre
  3372 | D:7      | Reached skill level 1 in Dodging
  3374 | D:7      | Reached XP level 6. HP: 32/53 MP: 5/5
  3410 | D:7      | Reached skill level 5 in Axes
  3416 | D:7      | Reached skill level 5 in Fighting
  3660 | D:7      | Found a bloodstained altar of Trog.
  3673 | D:7      | Became a worshipper of Trog the Wrathful
  4056 | D:7      | Slain by a gnoll

Illustrated notes

Levels and vault maps discovered:
D:1:      minmay_arrival_open_corners, layout_basic
D:2:      minmay_evil_eye, layout_rooms, minmay_indecisive_spiral
D:3:      layout_loops_corners, nicolae_dithmenos_the_darkroom,
          nicolae_vehumet_altar_sigil, gammafunk_ghost_necromancy,
          nicolae_ecumenical_snake_handling, uniq_robin
D:4:      layout_loops_corners, makhleb_blood_cavern_becter,
          nicolae_elyvilon_peaceful_grove
D:7:      layout_basic, nicolae_overflow_crystal_walls, minitemple

Skill      XL: |  1  2  3  4  5  6 |
---------------+-------------------+-----
Armour         | 4 5 |  5.8
Fighting       | 4 5 |  5.1
Shields        | 4 |  4.9
Axes           | 3 4 5 |  5.5
Dodging        | 1 |  1.7

Action                   |  1- 3 |  4- 6 || total
-------------------------+-------+-------++-------
Melee: War axe           |    65 |   111 ||   176
       Headbutt          |     6 |     8 ||    14
Throw: Stone             |       |     2 ||     2
  Use: Scroll            |     3 |     4 ||     7
Armor: Scale mail        |    40 |    62 ||   102
Dodge: Dodged            |    44 |    71 ||   115
Block: Buckler           |    22 |    18 ||    40
       Kite shield       |       |    39 ||    39
